 Dungeon Crawl Stone Soup version 0.29-a0-323-g050149af67 (webtiles) character file.

Game seed: 5889374483517784937

307 zishaf the Gusty (level 6, -1/35 HPs)
             Began as a Tengu Air Elementalist on Apr 11, 2022.
             Was an Initiate of Vehumet.
             Slain by an iguana (13 damage)
             ... on level 6 of the Dungeon.
             The game lasted 00:08:34 (4193 turns).

zishaf the Gusty (Tengu Air Elementalist)           Turns: 4193, Time: 00:08:35

Health: -1/35      AC:  3    Str:  9    XL:     6   Next: 40%
Magic:  3/10       EV: 14    Int: 17    God:    Vehumet [......]
Gold:   180        SH:  0    Dex: 14    Spells: 6/9 levels left

rFire   . . .      SeeInvis .   d - +0 short sword
rCold   . . .      Faith    .   (no shield)
rNeg    . . .      Spirit   .   a - +1 robe
rPois   .          Reflect  .   (helmet restricted)
rElec   .          Harm     .   (no cloak)
rCorr   .          Rampage  .   (no gloves)
Will    .....                   (boots unavailable)
Stlth   +.........              t - amulet of the acrobat
HPRegen 0.11/turn               (no ring)
MPRegen 0.12/turn               (no ring)

@: confused, flying quickly and evasively, quick
A: beak, talons 3, nimble flight
a: Renounce Religion


You were on level 6 of the Dungeon.
You worshipped Vehumet.
Vehumet was noncommittal.
You visited 2 branches of the dungeon, and saw 7 of its levels.

You collected 180 gold pieces.

Inventory:

Hand Weapons
 d - a +0 short sword (weapon)
Armour
 a - a +1 robe (worn)
 e - the +18 shield of the Gong {rElec rN+ Will+ EV-5}
   (You acquired it on level 4 of the Dungeon)

   It is deafeningly noisy when blocking attacks.
   EV:        It affects your evasion (-5).
   rElec:     It insulates you from electricity.
   rN:        It protects you from negative energy.
   Will:      It increases your willpower.
Jewellery
 i - an amulet of guardian spirit
 t - an amulet of the acrobat (around neck)
Scrolls
 j - 2 scrolls of teleportation
Potions
 b - a potion of magic
 c - a potion of might
 f - a potion of flight {unknown}
 g - 2 potions of curing
 h - a potion of attraction {unknown}
 l - 2 potions of lignification {unknown}
 q - a potion of berserk rage {unknown}
 s - a potion of mutation {unknown}


   Skills:
 - Level 2.1 Fighting
 - Level 2.1 Dodging
 - Level 2.0 Stealth
 + Level 1.8 Shields
 - Level 2.0 Spellcasting
 * Level 5.5 Conjurations
 + Level 5.9 Air Magic


You had 6 spell levels left.
You knew the following spells:

 Your Spells              Type           Power      Damage    Failure   Level
a - Shock                 Conj/Air       84%        1d8       1%          1
b - Static Discharge      Conj/Air       21%        N/A       2%          2

Your spell library contained the following spells:

 Spells                   Type           Power      Damage    Failure   Level
 Swiftness                Air            21%        N/A       4%          3
 Foxfire                  Conj/Fire      44%        2x1d6     6%          1
 Mephitic Cloud           Conj/Pois/Air  14%        N/A       12%         3
 Airstrike                Air            10%        N/A       17%         4
 Conjure Flame            Conj/Fire      11%        6-21      19%         3
 Blink                    Tloc           2%         N/A       28%         2
 Ignite Poison            Fire/Tmut/Pois 1%         N/A       50%         3
 Inner Flame              Hex/Fire       1%         N/A       50%         3
 Flame Wave               Conj/Fire      11%        2d5       52%         4
 Freezing Cloud           Conj/Ice/Air   7%         6-21      75%         5
 Manifold Assault         Tloc           1%         N/A       99%         5
 Storm Form               Tmut/Air       5%         N/A       100%        7


Dungeon Overview and Level Annotations

Branches:
Dungeon (7/15)             Temple (1/1) D:7

Altars:
Ashenzari
Cheibriados
Dithmenos
Elyvilon
Fedhas
Gozag
Hepliaklqana
Kikubaaqudgha
Makhleb
Nemelex Xobeh
Okawaru
Qazlal
Ru
Sif Muna
Trog
Uskayaw
Vehumet
Wu Jian
Xom
Yredelemnul
Zin
The Shining One

Shops:
D:1 [!(   D:3 !


Innate Abilities, Weirdness & Mutations

You have a beak for a mouth.
You have claws for feet.
Your magical nature lets you fly swiftly and evasively.


Message History

Casting: Static Discharge (safe; 3% risk of failure)
Confirm with . or Enter, or press ? or * to list all spells.
The orc priest is struck by an arc of lightning.
The orc priest is heavily wounded.
The lightning grounds out.
The orc is struck by an arc of lightning!
You kill the orc!
Vehumet accepts your kill.
You are struck by an arc of lightning.
The lightning grounds out.
The iguana hisses angrily.
The orc priest closely misses you.
Casting: Static Discharge (safe; 3% risk of failure)
Confirm with . or Enter, or press ? or * to list all spells.
The orc is struck by an arc of lightning.
The orc is heavily wounded.
You are struck by an arc of lightning.
The lightning grounds out.
The orc closely misses you. The orc priest barely misses you.
Casting: Static Discharge (safe; 3% risk of failure)
Confirm with . or Enter, or press ? or * to list all spells.
The orc is struck by an arc of lightning!
You kill the orc!
Vehumet accepts your kill.
You are struck by an arc of lightning.
The orc priest is struck by an arc of lightning.
The orc priest is almost dead.
You are struck by an arc of lightning.
The lightning grounds out.
The orc priest is struck by an arc of lightning.
You kill the orc priest!
Vehumet accepts your kill.
The lightning grounds out.
An orc wizard comes into view. It is wielding a +0 dagger.
Casting: Static Discharge (safe; 2% risk of failure)
Confirm with . or Enter, or press ? or * to list all spells.
Okay, then.
You hit the iguana. You claw the iguana. You peck the iguana.
The iguana is severely wounded.
The orc wizard points at you and mumbles some strange words.
You are confused.
The iguana bites you!
You die...

.. ... ...##
#....## . #......
... #.#....
###....
.......###.......
..$....o)@)......
........)l.......
......#...#......
.....##...#.....(
..... ##... .....
.... ###....###
... ..... ...
#....#


You could see an iguana and an orc wizard.

Vanquished Creatures
  A necrophage (D:4)
  A scorpion (D:4)
  A jelly (D:4)
  An orc priest (D:6)
  2 adders
  2 worms
  3 dart slugs
  4 orcs (D:6)
  5 bats
  8 endoplasms
  3 giant cockroaches
  10 goblins
  6 hobgoblins
  9 jackals (D:1)
  4 kobolds
  8 quokkas
  8 ball pythons
  5 frilled lizards
  3 rats
84 creatures vanquished.

Notes
Turn   | Place    | Note
-------+----------+-------------------------------------------
     0 | D:1      | zishaf the Tengu Air Elementalist began the quest for the
                  | Orb.
     0 | D:1      | Reached XP level 1. HP: 10/10 MP: 4/4
    10 | D:1      | Found Ketyhaim's Distillery.
    57 | D:1      | Reached XP level 2. HP: 11/16 MP: 0/6
    64 | D:1      | Learned a level 2 spell: Static Discharge
   209 | D:1      | Reached skill level 1 in Fighting
   295 | D:1      | Found Tir Qaas's Armour Emporium.
   526 | D:1      | Reached XP level 3. HP: 20/20 MP: 2/7
   865 | D:1      | Found Kaubyu's Antique Weapon Shop.
   895 | D:1      | Found a faded altar of an unknown god.
  1759 | D:2      | Reached XP level 4. HP: 26/26 MP: 2/8
  1978 | D:2      | Reached skill level 5 in Air Magic
  2806 | D:3      | Found a sacrificial altar of Ru.
  3386 | D:3      | Found Meekliso's Distillery.
  3608 | D:4      | Identified a scroll of acquirement
  3608 | D:4      | Acquired the +18 shield of the Gong {rElec rN+ Will+ EV-5}
  3608 | D:4      | Found the +18 shield of the Gong {rElec rN+ Will+ EV-5}
  3836 | D:4      | Noticed a scorpion
  3846 | D:4      | Killed a scorpion
  3847 | D:4      | Gained mutation: Your magical nature lets you fly swiftly
                  | and evasively. [Tengu growth]
  3847 | D:4      | Reached XP level 5. HP: 22/30 MP: 2/9
  3926 | D:4      | Reached skill level 1 in Shields
  3974 | D:4      | Reached skill level 5 in Conjurations
  3974 | D:4      | Reached XP level 6. HP: 32/35 MP: 6/10
  4071 | D:4      | You are sucked into a shaft and drop 3 floors!
  4096 | D:7      | Found a staircase to the Ecumenical Temple.
  4099 | D:7      | Noticed a steam dragon
  4102 | Temple   | Entered the Ecumenical Temple
  4164 | Temple   | Became a worshipper of Vehumet
  4193 | D:6      | Slain by an iguana

Illustrated notes

Levels and vault maps discovered:
D:1:      mrwooster_arrival_statue, layout_basic,
          hellmonk_ecumenical_altar_pennies_from_heaven, serial_shops,
          nicolae_shop_overgrown_old_shop,
          nicolae_shop_competitors_out_of_business, shop, minmay_pentomino_o2
D:2:      layout_loops_ring
D:3:      layout_loops_corners, mainiacjoe_overflow_24_doors, serial_shops,
          nicolae_lakefront_shop
D:4:      layout_loops_cross
D:6:      layout_cave_pools
D:7:      layout_loops_corners, minmay_temple_entry_overgrown,
          minmay_misc_feat_rows
Temple:   compressed_dpeg_triangle_lava_temple

Skill      XL: |  1  2  3  4  5 |
---------------+----------------+-----
Conjurations   | 2 3 4 5 |  5.5
Fighting       | 1 2 |  2.1
Air Magic      | 5 |  5.9
Shields        | 1 |  1.8
Dodging        | |  2.1
Stealth        | |  2.0
Spellcasting   | |  2.0

Action                   |  1- 3 |  4- 6 || total
-------------------------+-------+-------++-------
Melee: Unarmed           |    20 |       ||    20
       Kick              |     9 |    10 ||    19
       Short sword       |    16 |    28 ||    44
       Peck              |     3 |     7 ||    10
 Cast: Shock             |    62 |    60 ||   122
       Static Discharge  |     1 |     6 ||     7
  Use: Scroll            |       |    11 ||    11
 Stab: Sleeping          |     1 |       ||     1
Armor: Robe              |     9 |     2 ||    11
Dodge: Dodged            |    44 |    14 ||    58
Block: Kite shield       |       |    40 ||    40

Table legend: (Time is in decaauts)
 A = Elapsed time spent in this place.
 B = Non-inter-level travel time spent in this place.
 C = Inter-level travel time spent in this place.
 D = Time resting spent in this place.
 E = Time spent auto-exploring this place.
 F = Levels seen in this place.
 G = Mean time per level.
                   A        B        C        D        E       F      G
               +--------+--------+--------+--------+--------+-----+--------+
         Total |   4188 |   4078 |    110 |    149 |   3315 |   7 |  598.3 |
       Dungeon |   4120 |   4010 |    110 |    149 |   3315 |   6 |  686.7 |
        Temple |     68 |     68 |      0 |      0 |      0 |   1 |   68.0 |
               +--------+--------+--------+--------+--------+-----+--------+

Top non-repeatable levels by time:
     D:1: 1408 daAuts
     D:3: 1137 daAuts
     D:2: 1045 daAuts
     D:4: 484 daAuts
  Temple: 68 daAuts
     D:7: 30 daAuts
     D:6: 13 daAuts
